 Dungeon Crawl Stone Soup version 0.27-a0-404-g4390dbc5be (webtiles) character file.

Game seed: 3385061995252961036

61 CurlyBrace the Caller (level 3, -9/17 HPs)
             Began as a Felid Summoner on Feb 22, 2021.
             Killed by nerve-wracking pain
             ... invoked by an orc priest
              (13 damage)
             ... on level 4 of the Dungeon.
             The game lasted 00:08:02 (721 turns).

CurlyBrace the Caller (Felid Summoner)               Turns: 721, Time: 00:08:03

Health: -9/17      AC:  1    Str:  5    XL:     3   Next: 83%
Magic:  6/7        EV: 18    Int: 16    God:
Gold:   1          SH:  0    Dex: 16    Spells: 3/6 levels left
                                        Lives:  0   Deaths: 0

rFire    . . .     SeeInvis +     - Unarmed
rCold    . . .     Faith    .   (shield unavailable)
rNeg     . . .     Spirit   .   (armour unavailable)
rPois    .         Reflect  .   (helmet unavailable)
rElec    .         Harm     .   (cloak unavailable)
rCorr    .         Rampage  .   (gloves unavailable)
Will     .....                  (boots unavailable)
Stlth    +++.......             (no amulet)
HPRegen  0.05/turn              (no ring)
MPRegen  0.10/turn              (no ring)

@: quick
A: very small, no armour, no weapons or thrown items, stealth, claws 1, fangs 3,
see invisible, deterioration 1, speed 1, robust 1, shaggy fur 1, MP-powered
wands, sharp paws
a: no special abilities


You were on level 4 of the Dungeon.
You visited 1 branch of the dungeon, and saw 4 of its levels.

You collected 144 gold pieces.
You spent 143 gold pieces at shops.

Inventory:

Scrolls
 b - a scroll of enchant weapon {unknown}
 d - a scroll of identify {unknown}
Potions
 a - a potion of mutation
 w - a potion of heal wounds


   Skills:
 + Level 2.2 Fighting
 - Level 3.0 Dodging
 - Level 3.0 Stealth
 + Level 2.2 Unarmed Combat
 - Level 2.0 Spellcasting
 - Level 4.0 Summonings


You had 3 spell levels left.
You knew the following spells:

 Your Spells              Type           Power        Failure   Level
a - Summon Small Mammal   Summ           56%          4%          1
b - Call Imp              Summ           14%          6%          2

Your spell library contained the following spells:

 Spells                   Type           Power        Failure   Level
 Call Canine Familiar     Summ           14%          12%         3
 Summon Guardian Golem    Hex/Summ       8%           26%         3
 Summon Ice Beast         Ice/Summ       8%           65%         4
 Summon Lightning Spire   Summ/Air       8%           65%         4


Dungeon Overview and Level Annotations

Branches:
Dungeon (4/15)
 Temple: D:4-7

Altars:
Nemelex Xobeh

Shops:
D:4 !


Innate Abilities, Weirdness & Mutations

You cannot wear armour.
You are incapable of wielding weapons or throwing items.
Your paws allow you to move quietly. (Stealth)
You have sharp claws.
You have razor-sharp teeth.
You have supernaturally acute eyesight. (SInv)
You cover ground quickly.
You are covered in fur. (AC +1)
Your sharp claws are effective at attacking unaware monsters.
Your body sometimes deteriorates upon taking damage.
You are robust. (+10% HP)
You expend magic power (3 MP) to strengthen your wands.


Message History

Memorise Call Imp, consuming 2 spell levels and leaving 3?
You start memorising the spell.
You continue memorising. x2
You finish memorising.
Spell assigned to 'b'.
A frilled lizard comes into view.
Found a stone staircase leading down.
You pounce on the unaware helpless frilled lizard!
You claw the frilled lizard!
You kill the frilled lizard!
There is a stone staircase leading down here.
You see here a frilled lizard corpse.
You climb downwards.
Your summoned ally is left behind.
A worm comes into view.
There is a stone staircase leading up here.
A gnoll comes into view.
A gnoll comes into view. It is wielding a +0 spear.
Found 2 pink potions.
A gnoll comes into view. It is wielding a +0 spear.
A gnoll comes into view. It is wielding a +0 whip of draining.
The gnoll shouts! x2; You hear a shout!
The gnoll shouts!
Found Nekid's Distillery.
Found an escape hatch in the ceiling.
Unknown command. 2 jackals come into view.
There is an escape hatch in the ceiling here.
There is an entrance to Nekid's Distillery here.
w - a potion of heal wounds;
a - a potion of mutation Thank you for shopping at Nekid's Distillery!
There is an escape hatch in the ceiling here.
Really go through this one-way escape hatch?
A mysterious force pulls you upwards. The hatch slams shut behind you.
Found a stone staircase leading down.
There is a stone staircase leading down here.
You climb downwards. 5 orcs, 2 orc priests and an orc wizard come into view.
The orc priest shouts!
The orc shouts! x3
The orc hits you.
* * * LOW HITPOINT WARNING * * *
The orc priest calls down the wrath of Beogh upon you.
Pain shoots through your body!
Ouch! That really hurt!
You die...

#.... #....
#.... #....
###....
.).....## #
...o....#.#
...o...@o.#
....o$.####
....oo.
....o..
.......
.......
.......
.......


You could see 2 orc priests, an orc wizard (wandering) and 4 orcs.

Vanquished Creatures
  An ooze (D:2)
  3 worms (D:2)
  An orc (D:2)
  2 goblins
  3 hobgoblins (D:2)
  3 jackals (D:2)
  4 bats (D:2)
  4 frilled lizards
  2 kobolds (D:2)
  4 rats
27 creatures vanquished.

Vanquished Creatures (collateral kills)
  A jelly (D:3)
  An adder (D:2)
  A leopard gecko (D:3)
  2 goblins (D:2)
5 creatures vanquished.

Grand Total: 32 creatures vanquished

Notes
Turn   | Place    | Note
-------+----------+-------------------------------------------
     0 | D:1      | CurlyBrace the Felid Summoner began the quest for the Orb.
     0 | D:1      | Reached XP level 1. HP: 7/7 MP: 4/4
   279 | D:2      | Reached XP level 2. HP: 12/12 MP: 0/6
   378 | D:2      | Reached skill level 1 in Fighting
   378 | D:2      | Reached skill level 1 in Unarmed Combat
   451 | D:2      | Reached XP level 3. HP: 15/15 MP: 4/7
   468 | D:2      | Found a sparkling altar of Nemelex Xobeh.
   541 | D:3      | Gained mutation: Your body sometimes deteriorates upon
                  | taking damage. [potion of mutation]
   541 | D:3      | Gained mutation: You expend magic power (3 MP) to
                  | strengthen your wands. [potion of mutation]
   541 | D:3      | Gained mutation: You are robust. (+10% HP) [potion of
                  | mutation]
   672 | D:3      | Learned a level 2 spell: Call Imp
   693 | D:4      | Found Nekid's Distillery.
   700 | D:4      | Bought a potion of heal wounds for 55 gold pieces
   700 | D:4      | Bought a potion of mutation for 88 gold pieces
   721 | D:4      | Killed from afar by an orc priest

Illustrated notes

Levels and vault maps discovered:
D:1:      dpeg_arrival_short_road, layout_loops_corners,
          chequers_serial_rivers_small_3
D:2:      layout_rooms, nemelex_dance_club_becter, uniq_natasha
D:3:      layout_loops_ring, marbit_many_paths, minmay_misc_feat_iff, tgw_trog
D:4:      layout_basic, kennysheep_mini, kennysheep_little_box,
          general_overflow_altar, serial_shops, nicolae_shop_statue_plus,
          minmay_manual_mares

Skill      XL: |  1  2  3 |
---------------+----------+-----
Stealth        | 3 |  3.0
Fighting       | 1 2 |  2.2
Unarmed Combat | 1 2 |  2.2
Dodging        | 3 |  3.0
Spellcasting   | |  2.0
Summonings     | |  4.0

Action                   || total
-------------------------++-------
Melee: Unarmed           ||    74
       Bite              ||     3
       Punch             ||     1
 Cast: Summon Small Mamm ||    24
  Use: Scroll            ||     1
       Potion            ||     6
 Stab: Sleeping          ||     5
Armor: Skin              ||    25
Dodge: Dodged            ||    38

Table legend: (Time is in decaauts)
 A = Elapsed time spent in this place.
 B = Non-inter-level travel time spent in this place.
 C = Inter-level travel time spent in this place.
 D = Time resting spent in this place.
 E = Time spent auto-exploring this place.
 F = Levels seen in this place.
 G = Mean time per level.
                   A        B        C        D        E       F      G
               +--------+--------+--------+--------+--------+-----+--------+
         Total |    600 |    600 |      0 |      0 |      0 |   4 |  150.0 |
       Dungeon |    600 |    600 |      0 |      0 |      0 |   4 |  150.0 |
               +--------+--------+--------+--------+--------+-----+--------+

Top non-repeatable levels by time:
     D:2: 235 daAuts
     D:1: 214 daAuts
     D:3: 133 daAuts
     D:4: 16 daAuts
